 Dungeon Crawl Stone Soup version 0.26-a0-937-g67df3f2acb (webtiles) character file.

Game seed: 9642199589373794101

5481 PentaManta the Martial Artist (level 10, -6/50 HPs)
             Began as a Vine Stalker Monk on Nov 27, 2020.
             Was an Elder of Dithmenos.
             Mangled by a death yak (21 damage)
             ... on level 8 of the Dungeon.
             The game lasted 00:34:31 (8702 turns).

PentaManta the Martial Artist (Vine Stalker Monk)   Turns: 8702, Time: 00:34:31

Health: -6/50      AC:  9    Str: 16    XL:     10   Next: 69%
Magic:  0/11       EV: 15    Int: 10    God:    Dithmenos [****..]
Gold:   490        SH:  5    Dex: 18    Spells: 9/9 levels left

rFire    . . .     SeeInvis .     - Unarmed
rCold    . . .     Faith    .   E - +0 buckler
rNeg     . . .     Spirit   +   G - +0 ring mail
rPois    .         Reflect  .   (no helmet)
rElec    .         Harm     .   l - +0 cloak
rCorr    .         Rampage  .   (no gloves)
MR       +....                  k - +1 pair of boots
Stlth    ++++......             (no amulet)
HPRegen  0.56/turn              A - ring of flight
MPRegen  0.12/turn              (no ring)

@: wreathed by umbra
A: fangs 3, regeneration 1, magic shield, antimagic bite, no potion heal 3, rot
immunity
a: Shadow Step, Renounce Religion, Evoke Flight


You were on level 8 of the Dungeon.
You worshipped Dithmenos.
Dithmenos was greatly pleased with you.
You visited 2 branches of the dungeon, and saw 13 of its levels.
You also visited: Ossuary.

You collected 490 gold pieces.

Inventory:

Hand Weapons
 d - a +2 dagger of venom
 o - a +2 short sword of venom
 w - a +2 dagger of speed
 z - the +7 flail "Mumet" {vorpal, rN++ Int+3, unknown}
   (You found it on level 9 of the Dungeon)

   It inflicts extra damage upon your enemies.
   It affects your intelligence (+3).
   It greatly protects you from negative energy.
 C - a +2 dagger of draining
 D - a +0 hunting sling
Missiles
 b - 70 poisoned darts (quivered)
 i - 380 stones
 q - 80 sling bullets
Armour
 e - a +0 chain mail
 h - a scarf of harm
 k - a +1 pair of boots (worn)
 l - a +0 cloak (worn)
 r - a +0 scale mail
 s - a +0 plate armour
 E - a +0 buckler (worn)
 G - a +0 ring mail (worn)
 H - a +0 leather armour of magic resistance
Jewellery
 A - a ring of flight (left hand)
Wands
 f - a wand of acid (10)
 n - a wand of flame (24)
 I - a wand of paralysis (9)
Scrolls
 j - 4 scrolls of remove curse
 m - 7 scrolls of teleportation
 p - a scroll of magic mapping
 x - a scroll of blinking {unknown}
 y - 4 scrolls of identify
 B - 2 scrolls of noise {unknown}
Potions
 a - 2 potions of curing
 c - 4 potions of haste
 g - 3 potions of lignification
 t - a potion of attraction {unknown}
 u - a potion of flight
 v - a potion of might
 F - a potion of ambrosia {unknown}
Miscellaneous
 J - a tin of tremorstones (2/2)


   Skills:
 + Level 4.2 Fighting
 + Level 5.1 Armour
 + Level 6.8 Dodging
 + Level 5.3 Stealth
 + Level 2.3 Shields
 * Level 10.9 Unarmed Combat


You had 9 spell levels left.
You didn't know any spells.
Your spell library contained the following spells:

 Spells                   Type           Power        Failure   Level
 Magic Dart               Conj           #...         63%         1


Dungeon Overview and Level Annotations

Branches:
Dungeon (12/15)            Temple (1/1) D:5            Lair (0/6) D:9
Ossuary (visited)
    Orc: D:9-12

Altars:
Ashenzari
Cheibriados
Dithmenos
Elyvilon
Fedhas
Gozag
Hepliaklqana
Kikubaaqudgha
Makhleb
Nemelex Xobeh
Okawaru
Qazlal
Ru
Sif Muna
Trog
Uskayaw
Vehumet
Wu Jian
Xom
Yredelemnul
Zin
The Shining One

Shops:
D:4 (   D:5 (

Annotations:
D:12 Frances


Innate Abilities, Weirdness & Mutations

You have razor-sharp teeth.
Your natural rate of healing is unusually fast.
When hurt, damage is shared between your health and your magic reserves.
Your bite disrupts and absorbs the magic of your enemies.
Potions cannot restore your health.
You are immune to rotting.


Message History

You hit the death yak. Your bite misses the death yak.
The death yak is heavily wounded.
You barely miss the death yak.
You bite the death yak, but do no damage.
The death yak is heavily wounded.
The yak closely misses you. The death yak closely misses you.
You hit the death yak but do no damage.
The death yak is heavily wounded.
Your shadow hits the death yak. You block the yak's attack.
The death yak gores you!!
There is an open door here.
You hit the death yak.
The death yak is heavily wounded.
The death yak gores you.
There is an open door here.
You open the door. The death yak gores you!!
* * * LOW HITPOINT WARNING * * *
There is an open door here.
The death yak gores you!!
You die...

#########...##.#.......##.....
#......###'###.##'#.....#.....
#.......#....#....#.....'.....
#.......')...'....#.....#.....
#.......#....#....+.....#.....
#......#########'##.....##....
#......#.......Y....######....
#......#......Y.....#.........
#......#.....@......#.........
########............#.........
#............###.####..
######.....)...#.####..
#....#.........'.......
#########...'.........#.......
#......##...#.........#.......
#......##...#........>########
#......##...#####'###...).....


You could see a death yak and a yak.

Vanquished Creatures
  2 death yaks
  Grinder (D:5)
  2 wraiths (Ossuary)
  2 sky beasts
  An orc warrior (D:12)
  3 centaurs
  8 ogres
  A big kobold (D:7)
  5 bullfrogs
  A gnoll sergeant (D:8)
  2 scorpions (D:7)
  11 killer bees
  6 wights
  A bullfrog zombie (D:5)
  A centaur zombie (D:7)
  5 orc priests
  A jelly (D:9)
  Crazy Yiuf (D:6)
  A centaur skeleton (D:8)
  3 hounds
  2 bullfrog skeletons
  Jessica (D:2)
  2 iguanas
  Terence (D:3)
  Natasha (twice) (D:3)
  8 orc wizards
  8 worker ants
  3 gnolls (D:8)
  13 adders
  2 shadow imps
  2 white imps
  4 ufetubi
  An adder skeleton (D:6)
  5 worms
  3 dart slugs
  4 leopard geckos
  27 orcs
  4 giant cockroaches
  6 goblins
  8 hobgoblins
  16 jackals
  6 quokkas
  A ball python (D:4)
  2 ball python skeletons (Ossuary)
  8 bats
  2 frilled lizards
  A hobgoblin skeleton (Ossuary)
  2 hobgoblin zombies (Ossuary)
  14 kobolds
  2 kobold zombies (Ossuary)
  2 orc skeletons (Ossuary)
  An orc zombie (Ossuary)
  7 rats
228 creatures vanquished.

Vanquished Creatures (others)
  7 plants (D:2)
7 creatures vanquished.

Grand Total: 235 creatures vanquished

Notes
Turn   | Place    | Note
-------+----------+-------------------------------------------
     0 | D:1      | PentaManta the Vine Stalker Monk began the quest for the
                  | Orb.
     0 | D:1      | Reached XP level 1. HP: 11/11 MP: 2/2
   469 | D:1      | Reached XP level 2. HP: 16/16 MP: 3/3
  1317 | D:2      | Reached XP level 3. HP: 13/19 MP: 2/4
  1635 | D:2      | Noticed Jessica
  1909 | D:2      | Killed Jessica
  1910 | D:2      | Reached skill level 4 in Unarmed Combat
  1910 | D:2      | Gained mutation: Your natural rate of healing is unusually
                  | fast. [Vine Stalker growth]
  1910 | D:2      | Reached XP level 4. HP: 20/23 MP: 3/5
  2438 | D:2      | Reached XP level 5. HP: 27/27 MP: 6/6
  2873 | D:3      | Reached skill level 5 in Unarmed Combat
  2898 | D:3      | Noticed Terence
  2911 | D:3      | Killed Terence
  2988 | D:3      | Found a basalt altar of Yredelemnul.
  3000 | D:3      | Reached XP level 6. HP: 26/32 MP: 4/7
  3085 | D:3      | Noticed Natasha
  3094 | D:3      | Killed Natasha
  3331 | D:3      | Noticed Natasha
  3332 | D:3      | Noticed a sky beast
  3345 | D:3      | Killed Natasha
  3516 | D:3      | Killed a sky beast
  3517 | D:3      | Reached skill level 6 in Unarmed Combat
  3558 | D:4      | Found Aploidd's Weapon Boutique.
  3576 | D:4      | Reached XP level 7. HP: 25/35 MP: 4/8
  3943 | D:4      | Reached skill level 1 in Armour
  4074 | D:5      | Entered Level 5 of the Dungeon
  4074 | D:5      | Found a staircase to the Ecumenical Temple.
  4095 | D:5      | Found an ornate altar of the Wu Jian Council.
  4097 | Temple   | Entered the Ecumenical Temple
  4171 | Temple   | Became a worshipper of Dithmenos the Shadowed
  4171 | Temple   | Reached * piety under Dithmenos
  4171 | Temple   | Reached ** piety under Dithmenos
  4296 | D:5      | Found a sand-covered staircase.
  4300 | Ossuary  | Entered an ossuary
  4449 | Ossuary  | Noticed a wraith
  4449 | Ossuary  | Noticed a flying skull
  4457 | Ossuary  | Noticed a flying skull
  4462 | Ossuary  | Noticed a wraith
  4471 | Ossuary  | Noticed a flying skull
  4476 | Ossuary  | Killed a wraith
  4477 | Ossuary  | Reached skill level 7 in Unarmed Combat
  4524 | Ossuary  | Noticed a flying skull
  4524 | Ossuary  | Noticed a flying skull
  4563 | Ossuary  | Gained mutation: You have razor-sharp teeth. [Vine Stalker
                  | growth]
  4563 | Ossuary  | Reached XP level 8. HP: 39/39 MP: 9/9
  4579 | Ossuary  | Noticed a wraith
  4609 | Ossuary  | Killed a wraith
  4801 | D:5      | Reached skill level 5 in Dodging
  4808 | D:5      | Reached skill level 8 in Unarmed Combat
  4829 | D:5      | Found Rouset's Antique Weapon Shop.
  4985 | D:5      | Noticed Grinder
  4997 | D:5      | Killed Grinder
  5135 | D:5      | Found a radiant altar of Vehumet.
  5137 | D:5      | Identified Vehumet's Tome of Conjuration
  5144 | D:5      | Reached XP level 9. HP: 43/43 MP: 10/10
  5144 | D:5      | Found an ancient bone altar of Kikubaaqudgha.
  5145 | D:5      | Found a shimmering blue altar of Sif Muna.
  5359 | D:6      | Reached skill level 9 in Unarmed Combat
  5392 | D:6      | Found a stormy altar of Qazlal.
  5489 | D:6      | Reached *** piety under Dithmenos
  5788 | D:6      | Found a runed translucent door.
  5789 | D:6      | Noticed Crazy Yiuf
  6553 | D:6      | Killed Crazy Yiuf
  6657 | D:7      | Reached skill level 10 in Unarmed Combat
  6809 | D:7      | Reached **** piety under Dithmenos
  7156 | D:7      | Reached XP level 10. HP: 49/49 MP: 11/11
  7519 | D:8      | Reached skill level 1 in Shields
  8074 | D:9      | Got a pitted flail
  8085 | D:9      | You fall into a shaft and drop 3 floors!
  8157 | D:12     | Noticed Frances
  8234 | D:10     | Entered Level 10 of the Dungeon
  8242 | D:10     | Noticed a cyclops
  8315 | D:9      | Noticed a death yak
  8316 | D:9      | Noticed a death yak
  8317 | D:9      | Found a staircase to the Lair.
  8336 | D:9      | Noticed a death yak
  8338 | D:9      | Noticed a death yak
  8340 | D:9      | Noticed a death yak
  8465 | D:8      | Killed a death yak
  8466 | D:8      | Reached skill level 5 in Armour
  8466 | D:8      | Reached skill level 5 in Stealth
  8566 | D:9      | Killed a death yak
  8702 | D:8      | Mangled by a death yak

Illustrated notes

Levels and vault maps discovered:
D:1:      sevenhm_arrival_forest_fort_small_4, layout_basic
D:2:      layout_basic, serial_forest, infiniplex_forest_clump_large,
          infiniplex_forest_clump_curved, infiniplex_forest_lined_room_2,
          infiniplex_forest_clump_small, infiniplex_forest_corner_1,
          infiniplex_forest_diagonal, infiniplex_forest_lined_room_2,
          infiniplex_forest_lined_ring, infiniplex_forest_lined_3, uniq_jessica
D:3:      layout_rooms, yredelemnul_altar_generic, uniq_terence, uniq_natasha
D:4:      layout_gridville, serial_shops, shop
D:5:      layout_loops_ring, grunt_temple_overflow_magic_moments,
          lemuel_crystal_altar, minmay_temple_entry_butterflies, serial_shops,
          shop_coins, nicolae_ossuary_entry_plus, uniq_grinder
D:6:      layout_basic, grunt_qazlal_clouds, serial_park_tiny_2,
          uniq_crazy_yiuf_cottage
D:7:      layout_loops_ring
D:8:      layout_gridville
D:9:      layout_stronghold, dpeg_lair_monsters, uniq_maggie
D:10:     layout_rooms, uniq_urug
D:11:     layout_basic, grunt_ogre_cave
D:12:     layout_loops_ring, orc_0_dummy, lemuel_blue_sif_altar, uniq_frances,
          uniq_snorg, uniq_kirke, uniq_rupert
Temple:   nicolae_temple_elliptical

Skill      XL: |  1  2  3  4  5  6  7  8  9 10 |
---------------+-------------------------------+-----
Stealth        | 3 4 5 |  5.3
Dodging        | 3 4 5 6 |  6.8
Unarmed Combat | 4 5 6 7 8 10 | 10.9
Armour         | 1 3 4 5 |  5.1
Fighting       | 3 4 |  4.2
Shields        | 2 |  2.3

Action                   |  1- 3 |  4- 6 |  7- 9 | 10-12 || total
-------------------------+-------+-------+-------+-------++-------
Melee: Unarmed           |    95 |   196 |   330 |   147 ||   768
       Bite              |    17 |    61 |   111 |    70 ||   259
       Punch             |       |     6 |    22 |       ||    28
       Dagger            |       |       |    50 |    14 ||    64
Throw: Dart              |     3 |     4 |     3 |     3 ||    13
Evoke: Wand              |       |       |     3 |       ||     3
  Use: Scroll            |     7 |     2 |     7 |       ||    16
       Potion            |       |     4 |     1 |       ||     5
 Stab: Sleeping          |     4 |     5 |    17 |       ||    26
       Distracted        |       |     1 |     1 |       ||     2
Armor: Robe              |     8 |       |       |       ||     8
       Leather armour    |    16 |    47 |     1 |       ||    64
       Ring mail         |       |       |    95 |    15 ||   110
       Scale mail        |       |       |    14 |    16 ||    30
Dodge: Dodged            |    55 |   126 |   286 |   123 ||   590
Block: Buckler           |       |       |     1 |    28 ||    29

Table legend: (Time is in decaauts)
 A = Elapsed time spent in this place.
 B = Non-inter-level travel time spent in this place.
 C = Inter-level travel time spent in this place.
 D = Time resting spent in this place.
 E = Time spent auto-exploring this place.
 F = Levels seen in this place.
 G = Mean time per level.
                   A        B        C        D        E       F      G
               +--------+--------+--------+--------+--------+-----+--------+
         Total |   8652 |   8295 |    357 |    412 |   4866 |  14 |  618.0 |
       Dungeon |   8084 |   7749 |    335 |    409 |   4744 |  12 |  673.7 |
        Temple |    149 |    127 |     22 |      0 |    122 |   1 |  149.0 |
       Ossuary |    418 |    418 |      0 |      3 |      0 |   1 |  418.0 |
               +--------+--------+--------+--------+--------+-----+--------+

Top non-repeatable levels by time:
     D:1: 1506 daAuts
     D:2: 1243 daAuts
     D:6: 1241 daAuts
     D:8: 1000 daAuts
     D:3: 799 daAuts
     D:5: 725 daAuts
     D:7: 692 daAuts
     D:4: 518 daAuts
 Ossuary: 418 daAuts
     D:9: 195 daAuts
  Temple: 149 daAuts
    D:11: 73 daAuts
    D:12: 72 daAuts
    D:10: 14 daAuts
